 Dungeon Crawl Stone Soup version 0.31-a0-7-g51783674b7 (webtiles) character file.

Game seed: 11597878837851970968

45 Getoffmy the Firebug (level 3, -5/19 HPs)
             Began as a Deep Elf Fire Elementalist on May 5, 2023.
             Slain by Crazy Yiuf
             ... wielding a +2 quarterstaff of chaos
              (8 damage)
             ... on level 2 of the Dungeon.
             The game lasted 00:06:13 (2059 turns).

Getoffmy the Firebug (Deep Elf Fire Elementalist)   Turns: 2059, Time: 00:06:15

Health: -5/19      AC:  5    Str: 12    XL:     3   Next: 42%
Magic:  5/10       EV: 12    Int: 21    God:
Gold:   22         SH:  0    Dex: 15    Spells: 8/9 levels left

rFire   . . .        l - +9 spear "Amunkan" {venom, Fragile Str+7 SInv}
rCold   . . .        (no shield)
rNeg    . . .        a - +0 robe
rPois   .            f - +1 helmet
rElec   .            k - +0 cloak
rCorr   .            (no gloves)
SInv    +            (no boots)
Will    .....        (no amulet)
Stlth   ++           (no ring)
HPRegen 0.23/turn    (no ring)
MPRegen 0.12/turn

%: no passive effects
@: no status effects
A: no striking features
a: no special abilities


You were on level 2 of the Dungeon.
You visited 1 branch of the dungeon, and saw 2 of its levels.

You collected 22 gold pieces.

Inventory:

Hand Weapons
 g - a +0 dagger
 i - a +0 short sword
 l - the +9 spear "Amunkan" (weapon) {venom, Fragile Str+7 SInv}
   (You found it on level 2 of the Dungeon)

   Str:       It affects your strength (+7).
   SInv:      It lets you see invisible.
   Fragile:   It will be destroyed if unequipped.
Armour
 a - a +0 robe (worn)
 f - a +1 helmet (worn)
 k - a +0 cloak (worn)
Wands
 n - a wand of flame (12)
Scrolls
 h - a scroll of fog {unknown}
 m - a scroll of immolation
 o - a scroll of identify {unknown}
 p - a scroll of blinking {unknown}
 q - a scroll of fear {unknown}
Potions
 b - a potion of magic
 c - a potion of resistance {unknown}
 d - 3 potions of degeneration {unknown}
 e - 3 potions of curing {unknown}
 j - a potion of haste {unknown}


   Skills:
 - Level 2.4 Dodging
 - Level 2.4 Stealth
 + Level 3.6 Spellcasting
 + Level 2.0 Conjurations
 * Level 4.2 Fire Magic


You had 8 spell levels left.
You knew the following spells:

 Your Spells              Type           Power      Damage    Failure   Level
a - Foxfire               Conj/Fire      68%        2x1d7     3%          1

Your spell library contained the following spells:

 Spells                   Type           Power      Damage    Failure   Level
 Scorch                   Fire           42%        2d7       3%          2
 Inner Flame              Hex/Fire       12%        N/A       16%         3
 Volatile Blastmotes      Fire/Tloc      24%        2d12      16%         3
 Flame Wave               Conj/Fire      17%        2d7       34%         4


Dungeon Overview and Level Annotations

Branches:
Dungeon (2/15)

Altars:

Annotations:
D:2 Crazy Yiuf


Message History

You conjure some foxfire!
The foxfire hits Crazy Yiuf.
Crazy Yiuf is lightly wounded.
The foxfire hits Crazy Yiuf.
Crazy Yiuf is moderately wounded.
Crazy Yiuf hits you but does no damage.
You are confused.
You're too confused to cast spells.
You feel less confused.
The foxfire hits Crazy Yiuf.
Crazy Yiuf is moderately wounded.
The foxfire hits Crazy Yiuf.
Crazy Yiuf is heavily wounded.
Crazy Yiuf hits you with a +2 quarterstaff of chaos.
You feel your power leaking away.
Casting: Foxfire (safe; 3% risk of failure)
Confirm with . or Enter, or press ? or * to list all spells.
You conjure some foxfire!
Crazy Yiuf hits you with a +2 quarterstaff of chaos.
Unknown command.
You hit Crazy Yiuf.
Crazy Yiuf is heavily wounded.
The foxfire hits Crazy Yiuf but does no damage.
Crazy Yiuf is heavily wounded.
The foxfire hits Crazy Yiuf.
Crazy Yiuf is severely wounded.
Crazy Yiuf hits you with a +2 quarterstaff of chaos!
Crazy Yiuf burns you.
* * * LOW HITPOINT WARNING * * *
Casting: Foxfire (safe; 3% risk of failure)
Confirm with . or Enter, or press ? or * to list all spells.
You conjure some foxfire!
Crazy Yiuf barely misses you.
You are too injured to fight recklessly!
You barely miss Crazy Yiuf.
Crazy Yiuf is severely wounded.
The foxfire hits Crazy Yiuf.
Crazy Yiuf is severely wounded.
The foxfire hits Crazy Yiuf but does no damage.
Crazy Yiuf is severely wounded.
Crazy Yiuf hits you with a +2 quarterstaff of chaos!
You die...

.....## #'#
....## #g## ...##
##.# #'## #.##
#.# ##.# #.#####
##.## ......#
##...# ...##.#
#..g.# ....#.#
#...@# ...##.#
#####.ยง##
.#.##.####......#
###........#...##
.#.##.##########
......# #.#####
#.# #.#


You could see Crazy Yiuf.

Vanquished Creatures
  An adder (D:2)
  A dart slug (D:2)
  An endoplasm (D:1)
  2 giant cockroaches (D:1)
  2 goblins (D:1)
  4 hobgoblins
  4 jackals (D:1)
  2 quokkas
  5 ball pythons
  A bat (D:1)
  5 frilled lizards
  2 kobolds (D:2)
  4 rats (D:1)
34 creatures vanquished.

Vanquished Creatures (others)
  59 foxfires
59 creatures vanquished.

Grand Total: 93 creatures vanquished

Notes
Turn   | Place    | Note
-------+----------+-------------------------------------------
     0 | D:1      | Getoffmy the Deep Elf Fire Elementalist began the quest for
                  | the Orb.
     0 | D:1      | Reached XP level 1. HP: 10/10 MP: 6/6
   582 | D:1      | Reached XP level 2. HP: 15/15 MP: 6/8
   783 | D:1      | Reached skill level 4 in Fire Magic
  1344 | D:2      | Identified the +9 spear "Amunkan" {venom, Fragile Str+7
                  | SInv}
  1355 | D:2      | Found a faded altar of an unknown god.
  1361 | D:2      | Reached XP level 3. HP: 19/19 MP: 10/10
  2040 | D:2      | Found a runed translucent door.
  2041 | D:2      | Noticed Crazy Yiuf
  2059 | D:2      | Slain by Crazy Yiuf

Illustrated notes

Levels and vault maps discovered:
D:1:      lordsloth_arrival_two_stooges, layout_loops_corners
D:2:      layout_loops_corners, hellmonk_ecumenical_altar_blasted,
          uniq_crazy_yiuf_cottage

Skill      XL: |  1  2  3 |
---------------+----------+-----
Fire Magic     | 4 |  4.2
Conjurations   | 2 |  2.0
Dodging        | |  2.4
Stealth        | |  2.4
Spellcasting   | |  3.6

Action                     || total
---------------------------++-------
  Melee: Unarmed           ||     9
         Dagger            ||     7
         Short sword       ||    14
         Spear             ||    19
   Cast: Foxfire           ||    37
   Stab: Sleeping          ||     4
 Armour: Robe              ||    12
  Dodge: Dodged            ||    34

Table legend: (Time is in decaauts)
 A = Elapsed time spent in this place.
 B = Non-inter-level travel time spent in this place.
 C = Inter-level travel time spent in this place.
 D = Time resting spent in this place.
 E = Time spent auto-exploring this place.
 F = Levels seen in this place.
 G = Mean time per level.
                   A        B        C        D        E       F      G
               +--------+--------+--------+--------+--------+-----+--------+
         Total |   2059 |   2028 |     31 |    287 |   1362 |   2 | 1029.5 |
       Dungeon |   2059 |   2028 |     31 |    287 |   1362 |   2 | 1029.5 |
               +--------+--------+--------+--------+--------+-----+--------+

Top non-repeatable levels by time:
     D:1: 1329 daAuts
     D:2: 730 daAuts
